 Dungeon Crawl Stone Soup version 0.31.0-11-ge490571c62 (webtiles) character file.

Game seed: 12615382482732115620

4182 qw the Markself (level 10, 0/56 HPs)
             Began as a Deep Elf Hunter on Feb 4, 2024.
             Was a Priest of Okawaru.
             Slain by a yak (5 damage)
             ... on level 8 of the Dungeon.
             The game lasted 00:00:42 (6757 turns).

qw the Markself (Deep Elf Hunter)                   Turns: 6757, Time: 00:00:43

Health: 0/56       AC:  8    Str: 11    XL:     10   Next: 8%
Magic:  14/15      EV: 14    Int: 14    God:    Okawaru [***...]
Gold:   473        SH:  0    Dex: 22    Spells: 9/9 levels left

rFire   + . .        a - +0 orcbow
rCold   . . .        (shield currently unavailable)
rNeg    . . .        i - +1 ring mail
rPois   .            (no helmet)
rElec   .            (no cloak)
rCorr   .            m - +2 pair of gloves
SInv    +            q - +2 pair of boots
Will    +....        (no amulet)
Stlth   ++           b - ring of see invisible
HPRegen 0.29/turn    k - ring of protection from fire
MPRegen 0.14/turn

%: no passive effects
@: corroded, hasted, very quick
A: agile 1
a: Renounce Religion, Heroism


You were on level 8 of the Dungeon.
You worshipped Okawaru.
Okawaru was most pleased with you.
You visited 1 branch of the dungeon, and saw 8 of its levels.

You collected 473 gold pieces.


Innate Abilities, Weirdness & Mutations

You are agile. (Dex +4, Str/Int -1)


   Skills:
 - Level 4.0 Fighting
 - Level 16.0 Ranged Weapons
 - Level 2.4 Armour
 + Level 6.0 Dodging
 - Level 1.2 Stealth
 - Level 4.2 Invocations


You had 9 spell levels left.
You didn't know any spells.
Your spell library was empty.

Inventory:

Hand Weapons
 a - a +0 orcbow (weapon)
Armour
 e - a +1 pair of gloves
 i - a +1 ring mail (worn)
 m - a +2 pair of gloves (worn)
 q - a +2 pair of boots (worn)
Jewellery
 b - a ring of see invisible (left hand)
 k - a ring of protection from fire (right hand)
 Y - a +6 ring of strength
Wands
 j - a wand of roots (9)
Scrolls
 d - a scroll of identify
Potions
 g - a potion of mutation
 l - 2 potions of enlightenment
 n - a potion of curing
 p - a potion of ambrosia {unknown}

Dungeon Overview and Level Annotations

Branches:
Dungeon (8/15)             Temple (0/1) D:6
   Lair: D:8-11

Altars:
Elyvilon
Okawaru
Qazlal
Vehumet
Wu Jian
Yredelemnul
Zin

Shops:
D:1 :   D:2 (

Annotations:
D:2 1 runed translucent door, Crazy Yiuf


Message History

You shoot an arrow. The arrow hits the yak!
You kill the yak!
Okawaru accepts your kill. The orc barely misses you.
Your base Ranged Weapons skill increases to level 16!
You shoot an arrow. The arrow barely misses the yak.
The arrow hits the yak!
The yak is severely wounded.
You shoot an arrow.
The arrow hits the yak but does no damage.
The yak gores you! The orc barely misses you.
You shoot an arrow. The arrow barely misses the yak.
The arrow hits the orc.
The orc is moderately wounded.
The orc misses you.
You shoot an arrow. The arrow barely misses the yak.
The arrow hits the orc!!
You kill the orc!
Okawaru accepts your kill. The yak misses you. The orc completely misses you.
You shoot an arrow. The arrow hits the yak!
The yak is moderately wounded.
You shoot an arrow. The arrow completely misses the yak.
The arrow hits the yak but does no damage.
The yak is severely wounded.
The orc barely misses you. The yak completely misses you.
You shoot an arrow.
The arrow hits the yak but does no damage.
The yak is moderately wounded.
You feel like a meek peon again.
You shoot an arrow. The arrow hits the yak!
The yak is heavily wounded.
The yak gores you.
You shoot an arrow. The arrow hits the yak.
The yak is severely wounded.
The yak gores you! The orc barely misses you.
You shoot an arrow.
The arrow hits the yak but does no damage.
The yak is severely wounded.
You shoot an arrow. The arrow hits the yak.
The yak is severely wounded.
The orc barely misses you. The orc hits you with a +0 flail. The yak gores you.
You die...

#. #..##.# # #Y
#..##.# # #..
#..##.# #
#Y.##..##.# #. #
#.Y....##.#####
#. #
..##............#
#. #
......o......##.#
#. #
..####$.###o.##.#
#.##
.......cYY@o.##.#
#..#
....#...####.##.#
#... ........#
#.##.###### ##.#
....#...#
#.[#......####.#
...####.#
...######.......
#.# #.#
#..............
.. ...
.............. ##
.............#
.#############


You could see 2 yaks, a centaur and 2 orcs.

Vanquished Creatures
  Psyche (D:8)
  Prince Ribbit (D:6)
  Sigmund (D:6)
  3 yaks (D:8)
  3 steam dragons
  A black bear (D:7)
  2 ice beasts (D:7)
  4 ogres
  3 kobold brigands
  6 bullfrogs
  A gnoll sergeant (D:7)
  6 scorpions
  3 wights (D:7)
  A bombardier beetle (D:6)
  5 hounds
  2 orc priests (D:6)
  4 jellies
  2 gnoll boudas
  6 iguanas
  Ijyb (D:3)
  6 orc wizards
  9 gnolls
  8 adders
  A dart slug (D:5)
  3 ribbon worms
  17 orcs
  5 bats
  4 endoplasms
  4 giant cockroaches
  9 goblins
  7 hobgoblins
  A jackal (D:3)
  27 kobolds
  5 quokkas
  6 ball pythons
  2 frilled lizards
  2 rats (D:2)
172 creatures vanquished.

Vanquished Creatures (others)
  An orc (D:8)
1 creature vanquished.

Grand Total: 173 creatures vanquished

Notes
Turn   | Place    | Note
-------+----------+-------------------------------------------
     0 | D:1      | qw the Deep Elf Hunter began the quest for the Orb.
     0 | D:1      | Reached XP level 1. HP: 12/12 MP: 3/3
     0 | D:1      | 0 ||| qw: Version: 0.3-a-160-g6735b56
     0 | D:1      | 0 ||| qw: Game counter: 5549
     0 | D:1      | 0 ||| qw: Melee chars always use a shield: true
     0 | D:1      | 0 ||| qw: God list: Okawaru
     0 | D:1      | 0 ||| qw: Allow faded altars: false
     0 | D:1      | 0 ||| qw: Do Orc after clearing Dungeon:15 true
     0 | D:1      | 0 ||| qw: Do second Lair branch before Depths: true
     0 | D:1      | 0 ||| qw: Lair rune preference: random
     0 | D:1      | 0 ||| qw: Goals: Normal
     0 | D:1      | 0 ||| PLANNING D:1-11
    88 | D:1      | Found Hynt's Vocational Training.
   102 | D:1      | 102 ||| DROPPING scroll of butterflies.
   234 | D:1      | Reached skill level 6 in Ranged Weapons
   234 | D:1      | Reached XP level 2. HP: 16/16 MP: 4/4
   792 | D:1      | 792 ||| UPGRADING to ring of see invisible.
   793 | D:1      | 793 ||| READING scroll labelled WEFITSOMAE.
   793 | D:1      | Identified a scroll of acquirement
   793 | D:1      | 793 ||| ACQUIRING +2 shortbow of draining
   793 | D:1      | Acquired a +2 shortbow of draining
   795 | D:1      | 795 ||| SWAPPING to +2 shortbow of draining.
   796 | D:1      | 796 ||| DROPPING +0 shortbow.
   797 | D:1      | 797 ||| READING 2 scrolls labelled TEMOTUN UVILA.
   797 | D:1      | 797 ||| IDENTIFYING amethyst potion
   798 | D:1      | 798 ||| READING scroll of identify.
   798 | D:1      | 798 ||| IDENTIFYING coppery potion
   799 | D:1      | 799 ||| READING 2 scrolls labelled RIZXOAS YCREU.
   900 | D:1      | 900 ||| DROPPING potion of invisibility.
   901 | D:1      | 901 ||| DROPPING scroll of vulnerability.
   993 | D:2      | Found a stormy altar of Qazlal.
  1006 | D:2      | Reached XP level 3. HP: 20/20 MP: 5/5
  1017 | D:2      | You fall into a shaft and drop 2 floors!
  1018 | D:4      | 1018 ||| PLANNING OSSUARY
  1058 | D:4      | Reached skill level 7 in Ranged Weapons
  1130 | D:4      | Reached XP level 4. HP: 25/25 MP: 6/6
  1135 | D:4      | Found a basalt altar of Yredelemnul.
  1154 | D:4      | Found a radiant altar of Vehumet.
  1221 | D:4      | Noticed a scorpion
  1225 | D:4      | Killed a scorpion
  1226 | D:4      | Reached skill level 8 in Ranged Weapons
  1274 | D:4      | Noticed a scorpion
  1280 | D:4      | Killed a scorpion
  1281 | D:4      | Reached XP level 5. HP: 29/29 MP: 7/7
  1282 | D:4      | Found an ornate altar of the Wu Jian Council.
  1284 | D:4      | Found a white marble altar of Elyvilon.
  1290 | D:4      | 1290 ||| FLEEEEING.
  1291 | D:4      | 1291 ||| FLEEEEING.
  1292 | D:4      | 1292 ||| FLEEEEING.
  1294 | D:4      | 1294 ||| FLEEEEING.
  1296 | D:4      | 1296 ||| FLEEEEING.
  1297 | D:4      | 1297 ||| FLEEEEING.
  1299 | D:4      | 1299 ||| FLEEEEING.
  1300 | D:4      | 1300 ||| FLEEEEING.
  1301 | D:4      | 1301 ||| FLEEEEING.
  1302 | D:4      | 1302 ||| FLEEEEING.
  1303 | D:4      | 1303 ||| FLEEEEING.
  1304 | D:4      | 1304 ||| FLEEEEING.
  1305 | D:4      | 1305 ||| FLEEEEING.
  1306 | D:4      | 1306 ||| FLEEEEING.
  1307 | D:4      | 1307 ||| FLEEEEING.
  1308 | D:4      | 1308 ||| FLEEEEING.
  1309 | D:4      | 1309 ||| FLEEEEING.
  1310 | D:4      | 1310 ||| FLEEEEING.
  1311 | D:4      | 1311 ||| FLEEEEING.
  1312 | D:4      | 1312 ||| FLEEEEING.
  1313 | D:4      | 1313 ||| FLEEEEING.
  1314 | D:4      | 1314 ||| FLEEEEING.
  1315 | D:4      | 1315 ||| FLEEEEING.
  1316 | D:4      | 1316 ||| FLEEEEING.
  1317 | D:4      | 1317 ||| FLEEEEING.
  1318 | D:4      | 1318 ||| FLEEEEING.
  1319 | D:4      | 1319 ||| FLEEEEING.
  1320 | D:4      | 1320 ||| FLEEEEING.
  1321 | D:4      | 1321 ||| FLEEEEING.
  1322 | D:4      | 1322 ||| FLEEEEING.
  1323 | D:4      | 1323 ||| FLEEEEING.
  1386 | D:4      | Reached skill level 9 in Ranged Weapons
  1394 | D:4      | Reached skill level 3 in Dodging
  1431 | D:4      | Reached XP level 6. HP: 32/35 MP: 8/8
  1646 | D:4      | Found a sand-covered staircase.
  1647 | D:4      | 1647 ||| UPGRADING to +0 ring mail.
  1657 | D:4      | 1657 ||| DROPPING +0 leather armour.
  1658 | D:4      | 1658 ||| READING 3 scrolls labelled CAYKLI KETHIEPH.
  1658 | D:4      | 1658 ||| BRANDING +2 shortbow of draining.
  1659 | D:4      | 1659 ||| READING 2 scrolls of brand weapon.
  1659 | D:4      | 1659 ||| BRANDING +2 shortbow of flaming.
  1660 | D:4      | 1660 ||| READING scroll of brand weapon.
  1660 | D:4      | 1660 ||| BRANDING +2 shortbow of freezing.
  1661 | D:4      | 1661 ||| READING scroll labelled SINAGEUDAE.
  1666 | D:4      | 1666 ||| READING scroll labelled SIXEFUN AMM.
  1667 | D:4      | 1667 ||| DRINKING 2 murky silvery potions.
  1667 | D:4      | Gained mutation: You are agile. (Dex +4, Str/Int -1)
                  | [potion of mutation]
  1730 | D:4      | 1730 ||| RIP OSSUARY
  1730 | D:4      | 1730 ||| PLANNING D:1-11
  1856 | D:3      | 1856 ||| READING scroll labelled FEPTYTW RUAL.
  2001 | D:2      | Found a runed translucent door.
  2002 | D:2      | Noticed Crazy Yiuf
  2107 | D:2      | Found Ettothro's Antique Weapon Emporium.
  2568 | D:2      | 2568 ||| READING 2 scrolls of identify.
  2568 | D:2      | 2568 ||| IDENTIFYING yellow potion
  2569 | D:2      | 2569 ||| READING scroll of identify.
  2569 | D:2      | 2569 ||| IDENTIFYING metallic orange potion
  2570 | D:2      | 2570 ||| READING scroll labelled URRYUVV NAOQUMN.
  2571 | D:2      | 2571 ||| READING scroll labelled ERUATAOXUC.
  2571 | D:2      | 2571 ||| ENCHANTING +0 ring mail.
  2572 | D:2      | 2572 ||| READING scroll labelled UDATHI OLOTUPT.
  2573 | D:2      | 2573 ||| DROPPING potion of brilliance.
  2713 | D:3      | 2713 ||| SWAPPING to +0 orcbow.
  2714 | D:3      | 2714 ||| DROPPING +2 shortbow of flaming.
  2784 | D:3      | Noticed Ijyb
  2790 | D:3      | Killed Ijyb
  3032 | D:3      | 3032 ||| Stepping randomly (stuck).
  3042 | D:3      | HP: 8/35 [ribbon worm (3)]
  3043 | D:3      | 3043 ||| READING scroll of teleportation.
  3044 | D:3      | 3044 ||| Stepping randomly (stuck).
  3059 | D:3      | HP: 7/35 [orc wizard/magic dart (6)]
  3060 | D:3      | 3060 ||| DRINKING 3 potions of heal wounds.
  3141 | D:3      | Reached skill level 10 in Ranged Weapons
  3247 | D:3      | Reached XP level 7. HP: 40/40 MP: 9/9
  3690 | D:4      | 3690 ||| UPGRADING to +6 ring of strength.
  3719 | D:5      | Entered Level 5 of the Dungeon
  3782 | D:5      | 3782 ||| RETREEEEATING.
  3783 | D:5      | 3783 ||| RETREEEEATING.
  3784 | D:5      | 3784 ||| RETREEEEATING.
  3784 | D:5      | HP: 10/40 [adder (3)]
  3785 | D:5      | 3785 ||| READING 3 scrolls of teleportation.
  3786 | D:5      | 3786 ||| DRINKING 3 potions of heal wounds.
  3787 | D:5      | 3787 ||| RETREEEEATING.
  3788 | D:5      | 3788 ||| RETREEEEATING.
  3789 | D:5      | 3789 ||| RETREEEEATING.
  3792 | D:5      | 3792 ||| FLEEEEING.
  3802 | D:5      | Reached skill level 11 in Ranged Weapons
  4004 | D:5      | Reached skill level 12 in Ranged Weapons
  4214 | D:5      | Found an iron altar of Okawaru.
  4215 | D:5      | 4215 ||| PLANNING OKAWARU WORSHIP
  4215 | D:5      | 4215 ||| UPGRADING to +2 pair of gloves.
  4220 | D:5      | 4220 ||| UPGRADING to ring of protection from fire.
  4222 | D:5      | 4222 ||| DROPPING ring of wizardry.
  4223 | D:5      | 4223 ||| READING 2 scrolls of identify.
  4223 | D:5      | 4223 ||| IDENTIFYING cyan potion
  4224 | D:5      | 4224 ||| READING scroll of identify.
  4224 | D:5      | 4224 ||| IDENTIFYING 2 scrolls labelled KEUVET HERYN
  4225 | D:5      | 4225 ||| DROPPING 2 scrolls of amnesia.
  4230 | D:5      | Became a worshipper of Warmaster Okawaru
  4231 | D:5      | 4231 ||| PLANNING D:1-11
  4355 | D:6      | Noticed Sigmund
  4357 | D:6      | Noticed a steam dragon
  4358 | D:6      | 4358 ||| STAIRDANCE
  4363 | D:5      | Reached XP level 8. HP: 29/44 MP: 10/10
  4419 | D:6      | Killed Sigmund
  4423 | D:6      | 4423 ||| STAIRDANCE
  4433 | D:5      | Reached skill level 3 in Fighting
  4480 | D:6      | 4480 ||| STAIRDANCE
  4571 | D:6      | Noticed Prince Ribbit
  4582 | D:6      | Killed Prince Ribbit
  4582 | D:6      | Reached * piety under Okawaru
  4583 | D:6      | Reached skill level 13 in Ranged Weapons
  4642 | D:6      | Found a staircase to the Ecumenical Temple.
  4681 | D:6      | Reached skill level 1 in Invocations
  4862 | D:6      | Found a glowing silver altar of Zin.
  4890 | D:6      | Reached XP level 9. HP: 50/50 MP: 12/12
  5087 | D:6      | 5087 ||| INVOKING Heroism.
  5188 | D:6      | 5188 ||| READING scroll labelled WUWKASCH EFOA.
  5189 | D:6      | 5189 ||| DRINKING 2 smoky ruby potions.
  5190 | D:6      | 5190 ||| DROPPING wand of flame (27).
  5241 | D:7      | 5241 ||| RETREEEEATING.
  5243 | D:7      | Reached skill level 3 in Invocations
  5249 | D:7      | 5249 ||| RETREEEEATING.
  5254 | D:7      | 5254 ||| RETREEEEATING.
  5264 | D:7      | HP: 11/49 [wight/+0 trident (2)]
  5265 | D:7      | 5265 ||| READING 2 scrolls of teleportation.
  5266 | D:7      | 5266 ||| DRINKING 2 potions of heal wounds.
  5279 | D:7      | HP: 8/50 [kobold brigand/+0 short sword (5)]
  5280 | D:7      | 5280 ||| READING scroll of teleportation.
  5281 | D:7      | 5281 ||| DRINKING potion of heal wounds.
  5283 | D:7      | Reached skill level 14 in Ranged Weapons
  5346 | D:7      | Reached ** piety under Okawaru
  5758 | D:7      | Reached skill level 15 in Ranged Weapons
  5880 | D:7      | Reached skill level 6 in Dodging
  6385 | D:7      | 6385 ||| UPGRADING to +0 pair of boots.
  6390 | D:7      | 6390 ||| UPGRADING to +2 pair of boots.
  6400 | D:7      | 6400 ||| DROPPING +0 pair of boots.
  6401 | D:7      | 6401 ||| READING scroll of identify.
  6401 | D:7      | 6401 ||| IDENTIFYING murky clear potion
  6402 | D:7      | 6402 ||| READING scroll labelled HIEQEN RUINESA.
  6489 | D:7      | 6489 ||| READING scroll labelled CUOB QETHARPHE.
  6490 | D:7      | 6490 ||| DRINKING 2 green potions.
  6491 | D:7      | 6491 ||| DROPPING potion of attraction.
  6493 | D:7      | 6493 ||| Stepping ~*~*~tactically~*~*~ (cloud).
  6724 | D:8      | Noticed Psyche
  6725 | D:8      | 6725 ||| RETREEEEATING.
  6726 | D:8      | 6726 ||| RETREEEEATING.
  6727 | D:8      | 6727 ||| RETREEEEATING.
  6729 | D:8      | Reached *** piety under Okawaru
  6731 | D:8      | 6731 ||| RETREEEEATING.
  6732 | D:8      | 6732 ||| INVOKING Heroism.
  6736 | D:8      | 6736 ||| DRINKING potion of cancellation.
  6737 | D:8      | 6737 ||| DRINKING potion of haste.
  6738 | D:8      | Killed Psyche
  6739 | D:8      | Reached XP level 10. HP: 48/56 MP: 12/15
  6747 | D:8      | Reached skill level 16 in Ranged Weapons
  6755 | D:8      | HP: 8/56 [yak (13)]
  6757 | D:8      | Slain by a yak

Levels and vault maps discovered:
D:1:      amcnicky_arrival_underground_garden, layout_loops_ring,
          minmay_misc_feat_alley, grunt_decor_mini_mirrors,
          nicolae_shop_vocational
D:2:      cheibrodos_old_hovel, layout_loops_ring, serial_shops,
          nicolae_shop_rolling_square, basic_altar, minmay_goblin_kobold_house,
          uniq_crazy_yiuf_cottage
D:3:      kennysheep_the_goblin_king, layout_rooms, minmay_divided_ellipse
D:4:      layout_loops_corners, yredelemnul_altar_generic,
          kennysheep_little_box, grunt_temple_overflow_open,
          nicolae_ossuary_entry_monument, nicolae_figureground_sparkle
D:5:      layout_cave_pools, hellmonk_okawaru_the_only_friend_you_need
D:6:      cheibrodos_thug_alley, layout_rooms, zin_treasury, temple_green,
          serial_curves, eino_curves_01, eino_curves_04,
          kennysheep_generic_room_5, uniq_prince_ribbit1, uniq_sigmund
D:7:      kb_forest_paths, layout_basic, st_stairs_12
D:8:      layout_loops_ring, mainiacjoe_overflow_alcove_2, uniq_psyche

Skill      XL: |  1  2  3  4  5  6  7  8  9 10 |
---------------+-------------------------------+-----
Ranged Weapons | 6 7 8 9 10 12 13 15 16 | 16.0
Dodging        | 3 4 5 6 |  6.0
Fighting       | 2 3 4 |  4.0
Armour         | 2 |  2.4
Invocations    | 2 4 |  4.2
Stealth        | |  1.2

Action                     |  1- 3 |  4- 6 |  7- 9 | 10-12 || total
---------------------------+-------+-------+-------+-------++-------
   Fire: Shortbow          |    72 |    80 |       |       ||   152
         Orcbow            |       |    53 |   373 |    19 ||   445
 Invoke: Heroism           |       |       |     2 |       ||     2
    Use: Scroll            |     4 |    12 |     9 |       ||    25
         Potion            |       |     2 |     7 |       ||     9
 Armour: Leather armour    |     8 |    11 |       |       ||    19
         Ring mail         |       |    20 |   104 |     7 ||   131
  Dodge: Dodged            |    18 |    22 |   105 |    11 ||   156

Table legend:
 A = Non-vault XP
 B = Vault XP
 C = Vault XP percentage of total XP
 D = Non-vault monster count
 E = Vault monster count
 F = Vault count percentage of total count
                 A         B        C        D         E       F
            +---------+---------+-------+---------+---------+-------
      Total |    3931 |    2044 |  34.2 |     128 |      45 |  26.0
            +---------+---------+-------+---------+---------+-------
        D:1 |      20 |       0 |   0.0 |      11 |       0 |   0.0
        D:2 |      39 |       8 |  17.0 |      13 |       5 |  27.8
        D:3 |       7 |     287 |  97.6 |       4 |      20 |  83.3
        D:4 |     413 |       0 |   0.0 |      28 |       0 |   0.0
        D:5 |     847 |       1 |   0.1 |      18 |       1 |   5.3
        D:6 |     654 |     669 |  50.6 |      18 |      11 |  37.9
        D:7 |    1377 |     751 |  35.3 |      31 |       7 |  18.4
        D:8 |     574 |     328 |  36.4 |       5 |       1 |  16.7
            +---------+---------+-------+---------+---------+-------
